 Dungeon Crawl Stone Soup version 0.29-a0-870-g2c972031a6 (webtiles) character file.

Game seed: 12290916751600497202

1008 Nato the Changer (level 8, -1/54 HPs)
             Began as an Octopode Transmuter on July 17, 2022.
             Was an Initiate of Cheibriados.
             Slain by Pikel
             ... wielding a +0 whip of electrocution
              (9 damage)
             ... on level 6 of the Dungeon.
             The game lasted 00:19:29 (8538 turns).

Nato the Changer (Octopode Transmuter)              Turns: 8538, Time: 00:19:29

Health: -1/54      AC:  1    Str: 13    XL:     8   Next: 20%
Magic:  11/11      EV: 15    Int: 22    God:    Cheibriados [......]
Gold:   279        SH:  0    Dex: 19    Spells: 5/11 levels left

rFire   . . .      SeeInvis .     - Unarmed
rCold   . . .      Faith    .   (no shield)
rNeg    . . .      Spirit   .   (helmet restricted)
rPois   .          Reflect  .   (no amulet)
rElec   .          Harm     .   t - +6 ring of dexterity
rCorr   .          Rampage  .   w - +6 ring of intelligence
Will    .....                   (no ring)
Stlth   +++.......              (no ring)
HPRegen 0.18/turn               (no ring)
MPRegen 0.12/turn               (no ring)
                                (no ring)
                                (no ring)

@: very slow
A: almost no armour, amphibious, 8 rings, camouflage 1, gelatinous body 1,
(nimble swimmer 1), tentacles
a: Renounce Religion


You were on level 6 of the Dungeon.
You worshipped Cheibriados.
Cheibriados was noncommittal.
You visited 2 branches of the dungeon, and saw 7 of its levels.

You collected 279 gold pieces.

Inventory:

Hand Weapons
 D - a +11 flail
Armour
 E - a +0 kite shield
Jewellery
 t - a +6 ring of dexterity (left tentacle)
 w - a +6 ring of intelligence (right tentacle)
 B - an amulet of faith
Wands
 i - a wand of mindburst (11)
 j - a wand of polymorph (10) (quivered)
 k - a wand of flame (13)
 x - a wand of roots (13)
Scrolls
 c - a scroll of blinking {unknown}
 d - a scroll of brand weapon {unknown}
 f - a scroll of immolation {unknown}
 h - a scroll of silence {unknown}
 m - 2 scrolls of amnesia
 p - 3 scrolls of teleportation
 v - 2 scrolls of fear {unknown}
 y - a scroll of fog {unknown}
 C - a scroll of enchant armour {unknown}
 F - a scroll of identify
Potions
 a - 3 potions of lignification
 b - a potion of haste {unknown}
 e - 5 potions of curing
 g - 3 potions of brilliance
 l - 2 potions of heal wounds
 n - 2 potions of ambrosia
 o - a potion of flight {unknown}
 q - 2 potions of attraction
 r - a potion of magic {unknown}
 s - a potion of cancellation {unknown}
 u - a potion of might {unknown}
 z - a potion of invisibility {unknown}
 A - a potion of resistance {unknown}


   Skills:
 - Level 4.0 Fighting
 - Level 4.0 Dodging
 - Level 5.0 Unarmed Combat
 - Level 2.1 Spellcasting
 * Level 6.2 Transmutations
 - Level 1.0 Poison Magic
 + Level 1.3 Invocations


You had 5 spell levels left.
You knew the following spells:

 Your Spells              Type           Power      Damage    Failure   Level
a - Beastly Appendage     Tmut           58%        N/A       1%          1
b - Wereblood             Tmut           29%        N/A       1%          2
c - Spider Form           Tmut/Pois      18%        N/A       10%         3

Your spell library contained the following spells:

 Spells                   Type           Power      Damage    Failure   Level
 Ignite Poison            Fire/Tmut/Pois 13%        N/A       16%         3
 Mephitic Cloud           Conj/Pois/Air  3%         N/A       34%         3
 Ice Form                 Ice/Tmut       16%        N/A       36%         4
 Summon Lightning Spire   Summ/Air       2%         N/A       80%         4
 Freezing Cloud           Conj/Ice/Air   1%         6-21      98%         5
 Storm Form               Tmut/Air       8%         N/A       100%        7
 Maxwell's Capacitive Co  Air            1%         ∞         100%        8


Dungeon Overview and Level Annotations

Branches:
Dungeon (6/15)             Temple (1/1) D:6

Altars:
Ashenzari
Cheibriados
Elyvilon
Fedhas
Gozag
Hepliaklqana
Nemelex Xobeh
Okawaru
Qazlal
Ru
Sif Muna
Trog
Wu Jian
Xom
Yredelemnul
Zin
The Shining One

Annotations:
D:6 Pikel


Innate Abilities, Weirdness & Mutations

You cannot wear most types of armour.
You are amphibious.
You can wear up to eight rings at the same time.
Your skin changes colour to match your surroundings (Stealth+).
Your rubbery body absorbs attacks. (AC +1, EV +1)
((You are camouflaged when in or above water. (Stealth+)))
You have tentacles for arms and can constrict up to eight enemies at once.


Message History

You hit the lemure.
The lemure looks as sick as possible!
The lemure is almost dead.
Your transformation is almost over.
You kill the lemure!
That felt strangely unrewarding.
You closely miss the lemure. The lemure barely misses you.
You hit the lemure.
The lemure is poisoned.
The lemure is lightly wounded.
The lemure barely misses you.
You bite the lemure!
The lemure looks as sick as possible!
The lemure is heavily wounded.
The lemure hits you.
A lemure comes into view.
The lemure shouts!
You hit the lemure.
The lemure looks as sick as possible!
The lemure is severely wounded.
The lemure hits you.
You closely miss the lemure.
The lemure is severely wounded.
The lemure hits you.
Pikel, Merchant of Souls comes into view.
He is wielding a +0 whip of electrocution.
Pikel shouts!
You hit the lemure.
You kill the lemure!
That felt strangely unrewarding.
Your transformation has ended.
You see here a red potion.
Pikel attacks as you move away! Pikel closely misses you.
Pikel attacks as you move away!
Pikel hits you with a +0 whip of electrocution.
Pikel says, "You'll make a fine lemure."
Pikel hits you with a +0 whip of electrocution!
You are electrocuted!
* * * LOW HITPOINT WARNING * * *
Pikel attacks as you move away!
Pikel hits you with a +0 whip of electrocution.
* * * LOW HITPOINT WARNING * * *
Pikel attacks as you move away!
Pikel hits you with a +0 whip of electrocution!
You die...

..# ####....# #5# ..........
#K# . .......# #.# # #.....#
########.# ###......#
#...5....#
≈...##.#.##########.#####.##
≈≈..##....>......##.# #.#
≈≈≈.####.....###@##.## #.##
≈≈≈.# #<.##.##..K5..####..##
≈≈≈## #..##....#.###.......#
≈≈.# #..#####...##.°≈≈≈≈≈.#
≈..# #..........##..≈§§≈§.#
#### #...####...##....○≈≈.#
# #.>.# ##..##..≈≈≈≈≈.# #
#...#####....[)≈≈≈≈≈.# #
#........[.#.#....°..#


You could see Pikel and a lemure.

Vanquished Creatures
  Edmund (D:4)
  A water moccasin (D:6)
  A centaur (D:4)
  2 lemures (D:6)
  A kobold brigand (D:6)
  2 scorpions (D:5)
  2 hounds (D:5)
  2 jellies (D:3)
  Crazy Yiuf (D:2)
  Jessica (D:2)
  An iguana (D:4)
  Natasha (thrice) (D:4)
  10 adders
  2 shadow imps
  3 worms
  4 dart slugs
  4 orcs
  9 bats
  16 endoplasms
  3 giant cockroaches
  9 goblins
  3 hobgoblins
  11 jackals
  19 kobolds
  2 quokkas (D:3)
  6 ball pythons
  A frilled lizard (D:1)
  8 rats
128 creatures vanquished.

Vanquished Creatures (others)
  9 fungi (D:3)
  A plant (D:5)
  5 toadstools (D:3)
15 creatures vanquished.

Grand Total: 143 creatures vanquished

Notes
Turn   | Place    | Note
-------+----------+-------------------------------------------
     0 | D:1      | Nato the Octopode Transmuter began the quest for the Orb.
     0 | D:1      | Reached XP level 1. HP: 13/13 MP: 3/3
   180 | D:1      | Reached XP level 2. HP: 14/18 MP: 3/5
  1041 | D:2      | Reached XP level 3. HP: 23/23 MP: 6/6
  1104 | D:2      | Found a runed translucent door.
  1105 | D:2      | Noticed Crazy Yiuf
  1374 | D:2      | Noticed Jessica
  1377 | D:2      | Reached XP level 4. HP: 29/29 MP: 5/7
  1391 | D:2      | Killed Jessica
  1392 | D:2      | Reached skill level 3 in Transmutations
  1487 | D:2      | Found a faded altar of an unknown god.
  1724 | D:2      | Learned a level 2 spell: Wereblood
  1829 | D:2      | Killed Crazy Yiuf
  1830 | D:2      | Reached XP level 5. HP: 14/34 MP: 3/8
  2092 | D:3      | Found an iron altar of Okawaru.
  2162 | D:3      | Found an opulent altar of Gozag.
  2204 | D:3      | Found a blossoming altar of Fedhas.
  2301 | D:3      | You fall into a shaft and drop 2 floors!
  2301 | D:5      | Entered Level 5 of the Dungeon
  2301 | D:5      | Found a shimmering blue altar of Sif Muna.
  2301 | D:5      | Found a shimmering altar of Xom.
  2301 | D:5      | Found a basalt altar of Yredelemnul.
  2301 | D:5      | Found a glowing golden altar of the Shining One.
  2301 | D:5      | Found a sparkling altar of Nemelex Xobeh.
  2301 | D:5      | Found a sparkling altar of Nemelex Xobeh.
  2434 | D:5      | Found a stormy altar of Qazlal.
  2437 | D:5      | Noticed a water elemental
  2529 | D:5      | Reached skill level 4 in Transmutations
  2529 | D:5      | Reached XP level 6. HP: 32/41 MP: 7/9
  3112 | D:5      | Noticed an air elemental
  3126 | D:5      | Noticed a fire elemental
  3230 | D:4      | Noticed Natasha
  3400 | D:3      | Found a bloodstained altar of Trog.
  3990 | D:3      | Reached XP level 7. HP: 37/46 MP: 8/10
  4092 | D:4      | Killed Natasha
  4438 | D:4      | Found a sacrificial altar of Ru.
  4482 | D:4      | Noticed Natasha
  4491 | D:4      | Killed Natasha
  4492 | D:4      | Reached skill level 5 in Transmutations
  4799 | D:4      | Noticed Edmund
  5090 | D:4      | Noticed Natasha
  5097 | D:4      | Killed Natasha
  5596 | D:4      | Found a snail-covered altar of Cheibriados.
  5871 | D:4      | Learned a level 3 spell: Spider Form
  7171 | D:6      | Found a staircase to the Ecumenical Temple.
  7180 | Temple   | Entered the Ecumenical Temple
  7388 | D:4      | Became a worshipper of Cheibriados the Contemplative
  7455 | D:4      | Killed Edmund
  7456 | D:4      | Reached skill level 1 in Poison Magic
  7456 | D:4      | Reached XP level 8. HP: 8/54 MP: 8/11
  7930 | D:4      | Found a hazy altar of Hepliaklqana.
  7931 | D:4      | Found a faded altar of an unknown god.
  8194 | D:5      | Reached skill level 6 in Transmutations
  8294 | D:6      | Found a shimmering blue altar of Sif Muna.
  8333 | D:6      | Reached skill level 5 in Unarmed Combat
  8333 | D:6      | Reached skill level 1 in Invocations
  8523 | D:6      | Noticed Pikel
  8538 | D:6      | Slain by Pikel

Illustrated notes

Levels and vault maps discovered:
D:1:      scummos_arrival_checkerplants, layout_basic
D:2:      layout_basic, basic_ecumenical_altar, uniq_jessica,
          uniq_crazy_yiuf_cottage
D:3:      cheibrodos_fertilizer, layout_basic,
          chequers_temple_overflow_statue_of_worship, okawaru_gym_becter,
          trog_three_pillars_becter
D:4:      layout_rooms, beargit_hepliaklqana_dungeon_heroes,
          mainiacjoe_overflow_alcove_2, amcnicky_altar_gilded, serial_glass,
          glass_columns_a, glass_columns_a, uniq_natasha
D:5:      layout_basic, doesnt_xom_only_xom, nicolae_qazlal_style_of_elements,
          serial_co_window_serial, co_window_paths_b,
          co_window_of_opportunity_a, co_window_corner_a, co_window_corner_a,
          co_window_corner_a, co_window_corner_cb, co_window_unsneaky_path_a,
          co_window_2corner, co_window_2corner, co_window_2corner,
          co_window_corner_b, serial_bayou_pond_a
D:6:      layout_loops_ring, tso_oasis_becter, nicolae_sif_muna_condensation,
          minmay_temple_entry_mist, uniq_pikel
Temple:   nicolae_temple_bog_church

Skill      XL: |  1  2  3  4  5  6  7  8 |
---------------+-------------------------+-----
Fighting       | 2 3 4 |  4.0
Transmutations | 3 4 5 6 |  6.2
Dodging        | 3 4 |  4.0
Unarmed Combat | 4 5 |  5.0
Poison Magic   | 1 |  1.0
Invocations    | 1 |  1.3
Spellcasting   | |  2.1

Action                   |  1- 3 |  4- 6 |  7- 9 || total
-------------------------+-------+-------+-------++-------
Melee: Unarmed           |    59 |   120 |   112 ||   291
       Constrict         |    16 |    27 |    12 ||    55
       Kick              |    17 |    41 |    20 ||    78
       Tentacles         |    10 |    16 |     7 ||    33
       Punch             |     4 |     4 |     2 ||    10
 Cast: Beastly Appendage |    17 |    27 |    12 ||    56
       Wereblood         |       |     7 |     6 ||    13
       Spider Form       |       |       |     9 ||     9
  Use: Potion            |       |     1 |     2 ||     3
       Scroll            |       |       |     7 ||     7
 Stab: Sleeping          |     3 |     3 |     1 ||     7
Armor: Skin              |     8 |    13 |    13 ||    34
Dodge: Dodged            |    40 |    61 |    78 ||   179

Table legend: (Time is in decaauts)
 A = Elapsed time spent in this place.
 B = Non-inter-level travel time spent in this place.
 C = Inter-level travel time spent in this place.
 D = Time resting spent in this place.
 E = Time spent auto-exploring this place.
 F = Levels seen in this place.
 G = Mean time per level.
                   A        B        C        D        E       F      G
               +--------+--------+--------+--------+--------+-----+--------+
         Total |   8650 |   8087 |    563 |   3011 |   3940 |   7 | 1235.7 |
       Dungeon |   8502 |   7944 |    558 |   3011 |   3804 |   6 | 1417.0 |
        Temple |    147 |    142 |      5 |      0 |    136 |   1 |  147.0 |
               +--------+--------+--------+--------+--------+-----+--------+

Top non-repeatable levels by time:
     D:4: 2597 daAuts
     D:5: 2038 daAuts
     D:3: 1064 daAuts
     D:2: 1046 daAuts
     D:1: 1033 daAuts
     D:6: 722 daAuts
  Temple: 147 daAuts
